 Dungeon Crawl Stone Soup version 0.29.0-3-gbb0933ed62 (webtiles) character file.

Game seed: 9740822094820883059

79 KelbiRefugee the Shooter (level 4, -1/26 HPs)
             Began as a Deep Elf Hunter on Aug 25, 2022.
             Was a Believer of Cheibriados.
             Hit by a boomerang thrown by an orc (4 damage)
             ... on level 3 of the Dungeon.
             The game lasted 00:02:51 (2203 turns).

KelbiRefugee the Shooter (Deep Elf Hunter)          Turns: 2203, Time: 00:02:52

Health: -1/26      AC:  3    Str: 13    XL:     4   Next: 17%
Magic:  18/18      EV: 13    Int: 19    God:    Cheibriados [**....]
Gold:   100        SH:  0    Dex: 25    Spells: 5/7 levels left

rFire   . . .      SeeInvis .   a - +0 shortbow
rCold   . . .      Faith    .   (shield currently unavailable)
rNeg    . . .      Spirit   .   c - +0 leather armour
rPois   .          Reflect  .   (no helmet)
rElec   .          Harm     .   (no cloak)
rCorr   .          Rampage  .   (no gloves)
Will    .....                   (no boots)
Stlth   ++........              (no amulet)
HPRegen 0.08/turn               m - ring of magical power
MPRegen 0.16/turn               (no ring)

@: very slow
A: no striking features
a: Renounce Religion, Bend Time


You were on level 3 of the Dungeon.
You worshipped Cheibriados.
Cheibriados was pleased with you.
You visited 1 branch of the dungeon, and saw 3 of its levels.

You collected 100 gold pieces.

Inventory:

Hand Weapons
 a - a +0 shortbow (weapon)
Missiles
 l - a throwing net
Armour
 c - a +0 leather armour (worn)
Jewellery
 m - a ring of magical power (left hand)
Scrolls
 b - 4 scrolls of immolation
 f - a scroll of fog
 g - a scroll of enchant armour
 p - a scroll of identify
Potions
 d - a potion of brilliance {unknown}
 e - a potion of berserk rage {unknown}
 h - 2 potions of magic
 i - 3 potions of curing
 j - a potion of cancellation {unknown}
 k - a potion of flight {unknown}
 n - a potion of lignification {unknown}
 o - a potion of heal wounds {unknown}


   Skills:
 - Level 2.0 Fighting
 + Level 6.3 Ranged Weapons
 - Level 2.4 Dodging
 - Level 2.0 Stealth
 + Level 2.1 Spellcasting
 + Level 1.2 Translocations


You had 5 spell levels left.
You knew the following spells:

 Your Spells              Type           Power      Damage    Failure   Level
a - Blink                 Tloc           12%        N/A       19%         2

Your spell library contained the following spells:

 Spells                   Type           Power      Damage    Failure   Level
 Lesser Beckoning         Tloc           6%         N/A       36%         3
 Manifold Assault         Tloc           6%         N/A       98%         5


Dungeon Overview and Level Annotations

Branches:
Dungeon (3/15)

Altars:
Cheibriados
Vehumet


Message History

You kill the orc!
Cheibriados appreciates the change of pace.
Cheibriados raises the support of your attributes as your movement slows.
You shoot an arrow.
The arrow closely misses the orc priest.
You shoot an arrow. The arrow hits the orc priest.
The orc priest is lightly wounded.
The orc priest invokes the aid of Beogh against you.
Beogh smites you!
Ouch! That really hurt!
You hear a shout!
You are too injured to fight recklessly!
You are too injured to fight recklessly!
You are too injured to fight recklessly!
You are too injured to fight recklessly!
You are too injured to fight recklessly!
Fire: a) +0 shortbow
Press: ? - help, Q - select action, (/) - cycle Shift-Dir - straight line, f/p - orc priest
Aim: an orc priest, wielding a +0 dagger (lightly wounded, 68% to hit)
You shoot an arrow. The orc shouts!
The arrow hits the orc priest!
The orc priest is severely wounded.
Fire: a) +0 shortbow
Press: ? - help, Q - select action, (/) - cycle Shift-Dir - straight line, f/p - orc priest
Aim: an orc priest, wielding a +0 dagger (severely wounded, 68% to hit)
You shoot an arrow.
The arrow closely misses the orc priest.
A hobgoblin comes into view.
The orc priest mumbles some strange prayers to Beogh against you.
Pain shoots through your body!
* * * LOW HITPOINT WARNING * * *
Fire: a) +0 shortbow
Press: ? - help, Q - select action, (/) - cycle Shift-Dir - straight line, f/p - orc priest
Aim: an orc priest, wielding a +0 dagger (severely wounded, 68% to hit)
You shoot an arrow. The arrow hits the orc priest.
You kill the orc priest!
Cheibriados appreciates the change of pace.
The orc throws a boomerang.
The boomerang hits you.
You die...

#. # ##. #. ..
##. #. ..g.
)######
###.)###.....#
#.).o..#.)...#
...).)..†@...#
.....#.#.....#
w ?..
#.#.....# . .
#.####### . #.
.### .. ...#
.. o..### .#
.....#...


You could see an orc and a hobgoblin.

Vanquished Creatures
  An orc priest (D:3)
  An orc wizard (D:2)
  A dart slug (D:2)
  6 orcs (D:3)
  A bat (D:2)
  3 endoplasms
  3 goblins
  10 hobgoblins
  6 jackals (D:2)
  3 kobolds
  A quokka (D:2)
  3 ball pythons
  2 frilled lizards
  A rat (D:1)
42 creatures vanquished.

Notes
Turn   | Place    | Note
-------+----------+-------------------------------------------
     0 | D:1      | KelbiRefugee the Deep Elf Hunter began the quest for the
                  | Orb.
     0 | D:1      | Reached XP level 1. HP: 12/12 MP: 3/3
   106 | D:1      | Found a faded altar of an unknown god.
   121 | D:1      | Prayed at the altar of an unknown god.
   121 | D:1      | Became a worshipper of Cheibriados the Contemplative
   121 | D:1      | Reached * piety under Cheibriados
   254 | D:1      | Reached XP level 2. HP: 17/17 MP: 4/4
  1266 | D:2      | Reached skill level 6 in Ranged Weapons
  1266 | D:2      | Reached skill level 1 in Spellcasting
  1266 | D:2      | Reached XP level 3. HP: 9/21 MP: 4/6
  1270 | D:2      | Reached ** piety under Cheibriados
  1570 | D:2      | Learned a level 2 spell: Blink
  2076 | D:3      | Found a radiant altar of Vehumet.
  2082 | D:2      | Reached skill level 1 in Translocations
  2144 | D:3      | Reached XP level 4. HP: 26/26 MP: 9/9
  2203 | D:3      | Hit by a boomerang thrown by an orc

Illustrated notes

Levels and vault maps discovered:
D:1:      dpeg_arrival_morbid_curiosity, layout_loops_ring,
          hellmonk_ecumenical_altar_blasted, minmay_tripent
D:2:      layout_loops_ring
D:3:      layout_loops_cross, vehumet_altar_wand_db

Skill      XL: |  1  2  3 |
---------------+----------+-----
Stealth        | 2 |  2.0
Fighting       | 2 |  2.0
Ranged Weapons | 6 |  6.3
Spellcasting   | 1 2 |  2.1
Translocations | 1 |  1.2
Dodging        | |  2.4

Action                   |  1- 3 |  4- 6 || total
-------------------------+-------+-------++-------
 Fire: Shortbow          |    82 |    14 ||    96
  Use: Scroll            |     4 |       ||     4
Armor: Leather armour    |    13 |       ||    13
Dodge: Dodged            |    34 |     1 ||    35
